Map: Acropolis LE

Players

souL - Winner!

  • Race: Terran Terran
  • Spawn Location: 5:00

Namshar

  • Race: Zerg Zerg
  • Spawn Location: 11:00

VOD

Have the link to the VOD?

Description

Time

  • Played on: Sept. 6, 2019, 7:33 p.m.
  • Length: 17:38
Show
View Real Time Build Order
Export as new Build Order

souL Terran - Winner!

Build Orders: Reaper Expand, Mech 

Get SALT Encoding   

  12  0:00  SCV  
  13  0:13  SCV  
  14  0:16  Supply Depot  
  14  0:25  SCV  
  15  0:38  SCV  
  15  0:39  Barracks  
  16  0:44  Refinery  
  16  0:50  SCV  
  17  1:02  SCV  
  18  1:14  SCV  
  19  1:27  Orbital Command  
  19  1:28  Reaper  
  20  1:39  Command Center  
  20  1:47  Supply Depot  
  20  1:52  SCV  
  21  2:00  Marine  
  22  2:04  SCV  
  22  2:06  Factory  
  23  2:11  Refinery  
  23  2:16  SCV  
  23  2:20  Marine  
  25  2:29  SCV  
  26  2:41  SCV  
  27  2:48  Barracks Reactor  
  27  2:54  SCV  
  28  3:01  Bunker  
  28  3:04  Orbital Command  
  28  3:14  Command Center  
  28  3:16  SCV  
  29  3:22  Factory Tech Lab  
  29  3:25  Marine x2  
  31  3:30  SCV  
  29  3:42  Marine  
  29  3:43  Marine  
  29  3:46  Orbital Command  
  29  3:47  SCV  
  30  3:52  Siege Tank  
  33  4:00  Marine  
  33  4:01  SCV  
  34  4:09  Starport  
  34  4:13  SCV  
  34  4:15  SCV  
  36  4:23  Marine  
  37  4:26  SCV  
  37  4:27  SCV, Orbital Command  
  39  4:38  SCV  
  43  4:39  Marine  
  43  4:43  SCV  
  45  4:50  Fusion Core  
  42  4:54  SCV x2  
  44  5:00  Factory Tech Lab, Banshee  
  44  5:01  Marine  
  44  5:02  Orbital Command, Supply Depot  
  44  5:03  SCV  
  49  5:17  SCV x2  
  51  5:25  Barracks Reactor  
  51  5:27  Refinery  
  51  5:28  SCV  
  52  5:29  SCV, Refinery  
  52  5:30  SCV  
  54  5:39  Supply Depot  
  54  5:40  SCV  
  54  5:41  SCV  
  54  5:42  SCV  
  57  5:43  Battlecruiser  
  63  5:52  SCV  
  63  5:54  SCV x2  
  66  5:58  Factory  
  66  6:00  Factory  
  66  6:04  SCV  
  66  6:06  SCV, Supply Depot  
  68  6:14  Weapon Refit  
  68  6:16  SCV  
  68  6:17  Hellion  
  68  6:18  SCV  
  72  6:19  Hellion  
  72  6:21  Orbital Command  
  73  6:28  SCV  
  73  6:30  SCV, Supply Depot  
  75  6:33  Engineering Bay  
  75  6:41  SCV  
  75  6:42  SCV, Hellion x2  
  75  6:43  Factory Tech Lab x2  
  75  6:45  Refinery  
  81  6:47  SCV, Refinery  
  81  6:53  SCV  
  83  6:54  SCV  
  83  6:56  Battlecruiser  
  83  6:59  SCV  
  91  7:02  Hellion  
  93  7:15  Supply Depot  
  93  7:17  Supply Depot  
  93  7:18  Supply Depot  
  93  7:19  Siege Tank, SCV x3  
  99  7:29  Supply Depot  
  99  7:30  Supply Depot  
  99  7:31  SCV x2  
  99  7:36  Siege Tank, SCV, Hellion x2  
  109  7:43  Command Center, SCV  
  110  7:44  SCV  
  110  7:48  SCV  
  110  7:51  Armory  
  112  7:52  Armory  
  112  7:55  SCV  
  112  7:56  SCV  
  112  7:57  Siege Tank  
  112  7:58  Hellion  
  119  8:04  SCV  
  120  8:08  Supply Depot  
  120  8:09  Siege Tank  
  120  8:10  Supply Depot  
  123  8:14  SCV  
  123  8:18  SCV, Hellion  
  127  8:24  Battlecruiser  
  133  8:29  Siege Tank  
  133  8:30  SCV  
  133  8:32  Hellion  
  139  8:39  Hellion  
  139  8:41  Siege Tank  
  144  8:43  Terran Ship Weapons Level 1, Terran Vehicle And Ship Armor Level 1  
  144  8:48  Factory  
  144  8:49  Factory  
  144  8:52  Supply Depot  
  144  8:54  Hellion  
  149  9:08  SCV  
  150  9:10  SCV x2  
  150  9:14  Siege Tank  
  152  9:17  Infernal Pre-Igniter, Mag-Field Accelerator  
  152  9:18  Sensor Tower  
  152  9:19  Refinery, Sensor Tower  
  152  9:20  SCV  
  152  9:22  SCV  
  152  9:24  Refinery  
  154  9:26  Planetary Fortress  
  154  9:27  SCV  
  155  9:33  SCV  
  155  9:36  Missile Turret  
  156  9:41  Command Center  
  156  9:42  SCV x2  
  161  9:46  Factory Reactor  
  159  9:56  Cyclone x3  
  159  9:57  Hellion, Missile Turret  
  169  10:07  Hellion  
  169  10:10  Hellion x8  
  166  10:20  Command Center x2  
  163  10:24  Starport  
  163  10:26  Starport  
  163  10:27  Battlecruiser  
  163  10:28  Cyclone x2  
  175  10:40  Cyclone  
  175  10:42  Command Center  
  178  10:46  Missile Turret  
  172  11:00  Cyclone x2  
  172  11:01  Terran Vehicle And Ship Armor Level 2  
  172  11:03  SCV x2  
  178  11:12  Cyclone  
  177  11:27  Hellion  
  177  11:30  Starport Tech Lab x2  
  177  11:32  Cyclone x2  
  185  11:34  Orbital Command x2  
  185  11:36  Command Center  
  185  11:42  Battlecruiser  
  185  11:46  SCV x3  
  172  11:52  Planetary Fortress  
  172  11:58  SCV x3  
  168  12:18  Cyclone x2, Hellion x4  
  165  12:24  Battlecruiser  
  165  12:28  Hellion  
  155  12:40  Hellion x2  
  159  12:44  SCV  
  159  12:45  SCV x3  
  159  12:46  Orbital Command  
  159  12:49  Battlecruiser  
  159  12:50  Cyclone x2, Hellion  
  177  12:56  SCV  
  177  12:57  SCV x3  
  181  13:09  SCV  
  182  13:18  Orbital Command, Hellion  
  181  13:22  Cyclone x2  
  187  13:27  Hellion  
  187  13:29  Battlecruiser  
  195  13:37  Hellion  
  195  13:39  Factory Reactor  
  197  13:41  Terran Vehicle Weapons Level 1  
  197  13:44  Armory  
  193  13:53  Battlecruiser  
  199  13:56  Refinery  
  199  13:58  Refinery  
  199  14:02  Command Center  
  199  14:09  Factory Reactor  
  199  14:12  SCV, Starport  
  199  14:15  Refinery, Armory  
  200  14:28  Command Center  
  189  14:56  Cyclone x2  
  189  14:57  Hellion  
  189  14:58  Barracks  
  170  15:00  Hellion  
  170  15:01  Barracks  
  170  15:02  Barracks  
  170  15:04  Barracks  
  170  15:05  Battlecruiser x2  
  170  15:20  Orbital Command, Starport Tech Lab  
  168  15:27  Sensor Tower  
  171  15:31  Siege Tank  
  171  15:32  Siege Tank  
  171  15:34  Starport Tech Lab  
  174  15:38  SCV  
  174  15:41  Factory Tech Lab  
  175  15:48  Planetary Fortress  
  175  15:51  Barracks Tech Lab  
  175  15:52  Barracks Tech Lab x2  
  175  15:56  Ghost Academy  
  175  15:59  SCV  
  175  16:01  SCV  
  180  16:06  Barracks Tech Lab  
  180  16:09  Battlecruiser  
  184  16:19  Siege Tank x3, Hellion x4  
  193  16:29  Supply Depot  
  193  16:30  Command Center  
  191  16:51  Siege Tank, Cyclone  
  185  17:01  Cyclone  
Show
View Real Time Build Order
Export as new Build Order

Namshar Zerg 

Build Orders: Pool First, Swarm Host 

Get SALT Encoding   

  12  0:00  Drone  
  13  0:12  Overlord  
  13  0:17  Drone  
  14  0:31  Drone x2  
  16  0:40  Spawning Pool  
  15  0:43  Drone  
  15  0:48  Drone  
  17  1:08  Hatchery  
  16  1:15  Drone  
  16  1:16  Extractor  
  16  1:27  Zergling x4  
  16  1:28  Zergling x2  
  19  1:35  Roach Warren  
  18  1:44  Queen  
  20  1:51  Overlord  
  20  1:59  Drone  
  23  2:15  Roach  
  23  2:16  Roach  
  23  2:20  Roach  
  27  2:24  Roach  
  29  2:34  Roach  
  31  2:39  Roach  
  31  2:52  Drone  
  31  2:53  Overlord, Drone  
  33  3:01  Drone x3  
  35  3:10  Overlord  
  35  3:11  Drone  
  36  3:17  Drone  
  37  3:28  Ravager  
  38  3:36  Drone  
  38  3:37  Drone x4  
  43  3:48  Drone x2  
  45  3:49  Ravager  
  45  3:52  Queen  
  48  3:59  Ravager  
  48  4:00  Overlord  
  49  4:05  Hatchery  
  49  4:09  Drone x2  
  50  4:23  Drone x3  
  53  4:36  Queen  
  53  4:37  Metabolic Boost  
  55  4:47  Overlord x2, Drone  
  55  4:48  Drone x3  
  59  4:58  Drone  
  60  5:05  Queen  
  62  5:10  Drone x8  
  62  5:12  Queen  
  69  5:19  Queen  
  71  5:24  Overlord x2, Extractor  
  71  5:25  Extractor  
  69  5:29  Evolution Chamber  
  69  5:31  Overlord, Evolution Chamber  
  69  5:32  Drone  
  69  5:33  Zergling x4  
  70  5:38  Roach x2  
  70  5:39  Overlord  
  74  5:43  Drone  
  74  5:44  Drone x3  
  74  5:49  Overlord  
  78  5:55  Drone x7  
  85  6:07  Overlord  
  85  6:09  Zergling x6  
  88  6:14  Roach  
  88  6:15  Roach  
  91  6:19  Extractor x2  
  91  6:24  Spore Crawler  
  87  6:28  Drone x8  
  87  6:32  Drone x3  
  98  6:39  Spore Crawler  
  97  6:40  Drone x4  
  97  6:42  Spore Crawler  
  97  6:46  Lair  
  100  6:50  Baneling Nest  
  100  6:51  Drone  
  100  6:56  Queen  
  101  7:08  Zerg Ground Armor Level 1, Zerg Missile Weapons Level 1  
  97  7:10  Drone  
  97  7:11  Hatchery  
  98  7:15  Extractor, Drone x2  
  98  7:16  Drone x2  
  98  7:17  Drone  
  98  7:21  Overlord  
  101  7:28  Queen  
  103  7:32  Ravager x3  
  103  7:36  Drone  
  107  7:37  Overlord x3  
  106  7:44  Drone x2  
  106  7:46  Infestation Pit  
  106  7:47  Overseer  
  106  7:48  Overlord  
  108  7:51  Drone x9  
  108  7:53  Queen  
  118  8:04  Queen  
  116  8:14  Drone x2  
  117  8:20  Overlord x2  
  117  8:22  Spore Crawler, Drone  
  117  8:25  Overlord  
  117  8:26  Queen  
  117  8:27  Spore Crawler  
  116  8:29  Queen  
  116  8:35  Drone x3  
  116  8:40  Drone x2  
  117  8:43  Queen  
  117  8:44  Drone x2  
  117  8:45  Spore Crawler, Drone x2  
  117  8:46  Drone  
  117  8:48  Extractor  
  121  8:49  Extractor  
  120  8:58  Swarm Host x11  
  153  9:05  Roach  
  155  9:10  Swarm Host  
  155  9:11  Swarm Host  
  155  9:13  Zerg Missile Weapons Level 2  
  161  9:24  Zerg Ground Armor Level 2, Drone  
  162  9:25  Nydus Network  
  162  9:26  Hatchery  
  162  9:31  Roach x7  
  174  9:42  Drone  
  174  9:43  Spire  
  172  10:02  Nydus Canal  
  170  10:13  Overlord x3, Roach x2  
  170  10:14  Overlord x2  
  174  10:19  Nydus Canal  
  174  10:24  Hive  
  174  10:25  Overlord x3  
  174  10:26  Overlord  
  174  10:29  Pneumatized Carapace, Overseer  
  174  10:44  Nydus Canal  
  174  11:01  Queen x2  
  174  11:02  Drone  
  174  11:03  Spore Crawler, Drone x5  
  183  11:05  Ravager x3  
  183  11:06  Ravager  
  183  11:07  Ravager x2  
  181  11:11  Queen  
  169  11:24  Drone x7  
  169  11:25  Drone x9  
  176  11:26  Drone  
  170  11:50  Zerg Flyer Armor Level 1  
  170  11:51  Zerg Ground Armor Level 3, Zerg Missile Weapons Level 3  
  170  11:53  Nydus Canal  
  170  12:02  Spore Crawler  
  170  12:03  Spore Crawler  
  170  12:05  Spore Crawler  
  170  12:07  Corruptor x12  
  170  12:08  Extractor  
  190  12:09  Spore Crawler  
  190  12:11  Spore Crawler  
  190  12:12  Extractor  
  169  12:24  Drone x3  
  169  12:28  Nydus Canal  
  151  12:37  Corruptor x3  
  151  12:40  Swarm Host  
  151  12:41  Swarm Host x6  
  151  12:43  Nydus Canal  
  172  12:48  Roach x4  
  165  12:55  Drone x4  
  165  12:58  Drone x3  
  166  13:02  Nydus Canal  
  166  13:04  Roach  
  166  13:05  Roach x2  
  172  13:11  Swarm Host x2  
  176  13:14  Corruptor x2  
  176  13:15  Corruptor x5  
  183  13:23  Ravager x3  
  178  13:27  Roach x4  
  184  13:52  Glial Reconstitution  
  184  13:53  Greater Spire  
  186  13:56  Swarm Host x2  
  192  14:08  Roach  
  192  14:09  Roach x6  
  198  14:14  Nydus Canal  
  198  14:17  Roach  
  198  14:24  Roach x2  
  198  14:29  Hatchery  
  187  14:41  Ravager x8  
  187  14:43  Roach  
  187  14:44  Roach x2, Corruptor x3  
  192  14:53  Roach x5  
  192  14:57  Roach  
  192  14:58  Roach  
  179  15:05  Corruptor x5  
  179  15:14  Drone x3  
  179  15:15  Drone x4  
  179  15:18  Corruptor x2  
  185  15:29  Hatchery  
  185  15:33  Nydus Canal  
  184  15:38  Zerg Melee Weapons Level 1  
  184  15:41  Corruptor  
  186  15:49  Drone x2  
  188  15:50  Spine Crawler, Drone x2  
  189  16:00  Ravager x3  
  189  16:03  Drone x4  
  196  16:10  Corruptor x2  
  200  16:17  Corruptor x2  
  196  16:20  Nydus Canal  
  196  16:24  Overseer  
  196  16:33  Corruptor x2  
  200  16:44  Ravager  
  200  16:45  Ravager x2  
  197  16:54  Corruptor x3  
  185  17:05  Corruptor  
  185  17:06  Corruptor  
Tags
 
Add a new tag
Caveats
  • Supply blocks, unpowered buildings, or Contaminate may cause inaccurate times.
  • Supply counts are checked every 10 seconds.